 Dungeon Crawl Stone Soup version 0.31-a0-236-g9a0961fb85 (webtiles) character file.

Game seed: 9082080304211559281

60 qw the Shooter (level 3, -1/29 HPs)
             Began as a Minotaur Hexslinger on July 10, 2023.
             Slain by a black bear (2 damage)
             ... on level 6 of the Dungeon.
             The game lasted 00:00:28 (1524 turns).

qw the Shooter (Minotaur Hexslinger)                Turns: 1524, Time: 00:00:28

Health: -1/29      AC:  5    Str: 12    XL:     3   Next: 80%
Magic:  3/3        EV: 11    Int: 10    God:
Gold:   99         SH:  0    Dex: 14    Spells: 3/4 levels left

rFire   . . .        Y - +3 sling
rCold   . . .        (no shield)
rNeg    . . .        k - +0 ring mail
rPois   .            (helmet restricted)
rElec   .            (no cloak)
rCorr   .            (no gloves)
SInv    .            (no boots)
Will    .....        (no amulet)
Stlth   +            (no ring)
HPRegen 0.24/turn    (no ring)
MPRegen 0.08/turn

%: no passive effects
@: no status effects
A: horns 2, retaliatory headbutt
a: no special abilities


You were on level 6 of the Dungeon.
You visited 1 branch of the dungeon, and saw 4 of its levels.

You collected 99 gold pieces.


Innate Abilities, Weirdness & Mutations

You have a pair of horns on your head.
You reflexively headbutt those who attack you in melee.


   Skills:
 - Level 2.0 Fighting
 - Level 4.3 Ranged Weapons
 + Level 0.0 Armour
 - Level 2.1 Dodging
 - Level 1.0 Spellcasting
 - Level 2.0 Hexes


You had 3 spell levels left.
You knew the following spells:

 Your Spells              Type           Power      Damage    Failure   Level
a - Slow                  Hex            16%        N/A       34%         1

Your spell library contained the following spells:

 Spells                   Type           Power      Damage    Failure   Level
 Inner Flame              Hex/Fire       2%         N/A       83%         3
 Portal Projectile        Hex/Tloc       4%         N/A       83%         3
 Cause Fear               Hex            2%         N/A       98%         4

Inventory:

Hand Weapons
 Y - a +3 sling (weapon)
Armour
 k - a +0 ring mail (worn)
Scrolls
 f - a scroll of identify
Potions
 d - a potion of enlightenment
 h - a potion of ambrosia {unknown}
 i - a potion of degeneration {unknown}
 j - a potion of curing {unknown}

Dungeon Overview and Level Annotations

Branches:
Dungeon (3/15)

Altars:
Wu Jian

Shops:
D:1 *

Annotations:
D:6 1 runed translucent door, qw's ghost, novice DEHu


Message History

The hound bites you but does no damage.
The hound stops to sniff the ground.
The hound bites you but does no damage.
You shoot a sling bullet. The sling bullet hits the hound.
The hound is heavily wounded.
The hound bites you. The hound misses you. You furiously retaliate!
You headbutt the hound. You shoot a sling bullet.
The sling bullet hits the hound.
The hound is severely wounded.
The hound barely misses you. The black bear bites you.
The black bear claws you. x2
The hound misses you.
The bullfrog snags a nearby mosquito with its tongue.
The black bear closely misses you. The black bear claws you.
The black bear closely misses you.
You shoot a sling bullet.
The sling bullet closely misses the hound.
The hound bites you. The hound closely misses you. The black bear misses you.
The black bear claws you but does no damage.
The black bear completely misses you.
You shoot a sling bullet. The sling bullet hits the hound.
You kill the hound!
The black bear bites you but does no damage.
The black bear claws you but does no damage.
The black bear closely misses you.
Your Ranged Weapons skill increases to level 4!
You shoot a sling bullet. The sling bullet hits the black bear.
The black bear is lightly wounded.
The black bear bites you but does no damage.
The black bear claws you. The black bear completely misses you.
The black bear bites you. The black bear claws you.
The black bear claws you but does no damage.
You shoot a sling bullet. The sling bullet hits the black bear.
The black bear is moderately wounded.
The black bear barely misses you. The black bear claws you.
The black bear completely misses you.
You shoot a sling bullet. The sling bullet hits the black bear.
The black bear is moderately wounded.
The black bear bites you. The black bear barely misses you.
The black bear claws you.
You die...

#########
#...#...#
#.8..._.#
#...#...#
##.######
#...#.8.#
#8......#
#...#...#
######@##
.[.....h....#
...............
..............#
............#..
####........# .
WSF+.........
####.........)


You could see a black bear, a bullfrog, qw's ghost and an adder.

Vanquished Creatures
  A hound (D:6)
  A dart slug (D:1)
  An orc (D:3)
  2 ball pythons (D:1)
  2 bats (D:1)
  4 endoplasms (D:1)
  2 giant cockroaches
  2 goblins
  4 hobgoblins
  A frilled lizard (D:1)
  3 kobolds (D:2)
  2 rats
25 creatures vanquished.

Notes
Turn   | Place    | Note
-------+----------+-------------------------------------------
     0 | D:1      | qw the Minotaur Hexslinger began the quest for the Orb.
     0 | D:1      | Reached XP level 1. HP: 16/16 MP: 1/1
     0 | D:1      | 0 ||| qw: Version: 0.3-a-52-g30416fa
     0 | D:1      | 0 ||| qw: Game counter: 4711
     0 | D:1      | 0 ||| qw: Melee chars always use a shield: true
     0 | D:1      | 0 ||| qw: God list: Okawaru
     0 | D:1      | 0 ||| qw: Allow faded altars: false
     0 | D:1      | 0 ||| qw: Do Orc after clearing Dungeon:15 true
     0 | D:1      | 0 ||| qw: Do second Lair branch before Depths: true
     0 | D:1      | 0 ||| qw: Lair rune preference: random
     0 | D:1      | 0 ||| qw: Goals: Normal
     0 | D:1      | 0 ||| PLANNING D:1-11
    35 | D:1      | Found Sypsilis's General Store.
    47 | D:1      | 47 ||| SHOPLISTING potion of might (56 gold, have 2).
   151 | D:1      | Reached skill level 3 in Ranged Weapons
   151 | D:1      | Reached XP level 2. HP: 23/23 MP: 2/2
   248 | D:1      | 248 ||| FLEEEEING.
   250 | D:1      | 250 ||| FLEEEEING.
   257 | D:1      | 257 ||| FLEEEEING.
   623 | D:1      | 623 ||| READING scroll labelled UNOWOT PONI.
   624 | D:1      | 624 ||| READING 2 scrolls labelled BIRUOKHL SIRR.
   625 | D:1      | 625 ||| READING scroll labelled ZIAJOCZ YQAMYS.
   626 | D:1      | 626 ||| DROPPING scroll of poison.
   909 | D:2      | 909 ||| READING scroll of enchant weapon.
   909 | D:2      | 909 ||| ENCHANTING +2 sling.
  1042 | D:2      | Reached XP level 3. HP: 29/29 MP: 3/3
  1420 | D:2      | 1420 ||| UPGRADING to +0 ring mail.
  1430 | D:2      | 1430 ||| DROPPING +0 robe.
  1431 | D:2      | 1431 ||| READING scroll labelled ATYHA JEGIZE.
  1432 | D:2      | 1432 ||| READING scroll labelled NUTRACOTACU.
  1433 | D:2      | 1433 ||| READING scroll labelled EGUDIS ZUCACH.
  1434 | D:2      | 1434 ||| READING 3 scrolls of identify.
  1434 | D:2      | 1434 ||| IDENTIFYING fizzy red potion
  1435 | D:2      | 1435 ||| READING 2 scrolls of identify.
  1435 | D:2      | 1435 ||| IDENTIFYING black potion
  1436 | D:2      | 1436 ||| DROPPING potion of magic.
  1502 | D:3      | You fall into a shaft and drop 3 floors!
  1502 | D:6      | Found an ornate altar of the Wu Jian Council.
  1513 | D:6      | Found a runed translucent door.
  1513 | D:6      | Noticed a bullfrog
  1514 | D:6      | Noticed a black bear
  1515 | D:6      | Noticed qw's ghost (novice DEHu)
  1522 | D:6      | Reached skill level 4 in Ranged Weapons
  1522 | D:6      | HP: 7/29 [black bear (2)]
  1522 | D:6      | HP: 3/29 [black bear (1)]
  1524 | D:6      | HP: 1/29 [black bear (1)]
  1524 | D:6      | Slain by a black bear

Levels and vault maps discovered:
D:1:      dpeg_arrival_tiny_j, layout_loops_ring, serial_shops, shop,
          kennysheep_decorative_pillar
D:2:      layout_basic, minmay_fountain_box
D:3:      layout_basic, general_overflow_altar,
          shapermc_ecumenical_altar_notcrosses, uniq_ijyb
D:6:      layout_cave_pools, nicolae_wu_jian_immortal_techniques,
          ebering_ghost_sewer_d, uniq_blork_the_orc, uniq_edmund

Skill      XL: |  1  2  3 |
---------------+----------+-----
Ranged Weapons | 3 4 |  4.3
Fighting       | 2 |  2.0
Dodging        | |  2.1
Spellcasting   | |  1.0
Hexes          | |  2.0

Action                     || total
---------------------------++-------
   Fire: Sling             ||    75
    Use: Scroll            ||     9
 Armour: Robe              ||     1
         Ring mail         ||     7
  Dodge: Dodged            ||    21

Table legend:
 A = Non-vault XP
 B = Vault XP
 C = Vault XP percentage of total XP
 D = Non-vault monster count
 E = Vault monster count
 F = Vault count percentage of total count
                 A         B        C        D         E       F
            +---------+---------+-------+---------+---------+-------
      Total |      86 |       0 |   0.0 |      25 |       0 |   0.0
            +---------+---------+-------+---------+---------+-------
        D:1 |      30 |       0 |   0.0 |      15 |       0 |   0.0
        D:2 |      13 |       0 |   0.0 |       8 |       0 |   0.0
        D:3 |       3 |       0 |   0.0 |       1 |       0 |   0.0
        D:6 |      40 |       0 |   0.0 |       1 |       0 |   0.0
            +---------+---------+-------+---------+---------+-------
